 Dungeon Crawl Stone Soup version 0.21.0-3-g78d12a8 (webtiles) character file.

8170 toffzen the Grappler (level 11, -9/108 (109) HPs)
             Began as a Troll Transmuter on Jan 16, 2018.
             Was an Elder of Ru.
             Mangled by a white ugly thing (52 damage)
             ... on level 10 of the Dungeon.
             The game lasted 00:30:45 (9083 turns).

toffzen the Grappler (Troll Transmuter)             Turns: 9083, Time: 00:30:45

HP:   -9/108 (109)  AC:  6    Str: 20    XL:     11   Next: 6%
MP:   11/11         EV: 13    Int: 12    God:    Ru [****..]
Gold: 326           SH:  0    Dex: 10    Spells: 6/12 levels left

rFire    x . .     SeeInvis .     - Unarmed
rCold    x . .     Gourm    +   (no shield)
rNeg     . . .     Faith    .   b - +1 robe
rPois    .         Spirit   .   (helmet restricted)
rElec    .         Reflect  .   F - scarf {repulsion}
rCorr    .         Harm     .   (gloves unavailable)
MR       +....                  (boots unavailable)
Stlth    ..........             (no amulet)
HPRegen  0.68/turn              i - +2 ring of evasion
MPRegen  0.12/turn              y - ring of protection from magic

@: drained, repel missiles
A: large, unfitting armour, claws 3, fast metabolism 3, gourmand, regeneration
1, shaggy fur 1, tough skin 2, no stealth, no air magic, no conjurations magic,
no necromancy magic, temperature sensitive
a: Draw Out Power, Power Leap, Renounce Religion


You were on level 10 of the Dungeon.
You worshipped Ru.
Ru was greatly pleased with you.
You were very full.

You visited 1 branch of the dungeon, and saw 10 of its levels.
You also visited: Sewer.

You collected 590 gold pieces.
You spent 264 gold pieces at shops.

Inventory:

Missiles
 a - 202 arrows
 h - 69 sling bullets
 l - 357 stones (quivered)
Armour
 b - a +1 robe (worn)
 n - a +0 cloak
 F - a scarf of repulsion (worn)
Jewellery
 i - a +2 ring of evasion (left claw)
 x - an uncursed ring of fire
 y - a ring of protection from magic (right claw)
 A - an uncursed ring of resist corrosion {unknown}
Wands
 B - a wand of flame (26)
 C - a wand of polymorph (11)
Scrolls
 f - 2 scrolls of magic mapping
 j - 3 scrolls of remove curse
 k - 4 scrolls of teleportation
 m - a scroll of vulnerability
 p - a scroll of torment
 r - a scroll of summoning
 s - 2 scrolls of fog
 u - a scroll of holy word
 w - 2 scrolls of blinking
 z - 2 scrolls of identify
 D - a scroll of noise {unknown}
 G - a scroll of fear
Potions
 e - 5 potions of curing
 g - 6 potions of degeneration
 o - 3 potions of mutation
 q - a potion of heal wounds
 t - a potion of lignification
 v - 4 potions of brilliance
Books
 c - a book of Changes

   Spells                             Type                      Level
   a - Beastly Appendage              Transmutation                1
   b - Sticks to Snakes               Transmutation                2
   c - Spider Form                    Transmutation/Poison         3
   d - Ice Form                       Ice/Transmutation            4
   e - Blade Hands                    Transmutation                5
Comestibles
 d - 22 rations


   Skills:
 + Level 7.5(7.3) Fighting
 + Level 4.6(4.4) Dodging
 + Level 12.2(12.1) Unarmed Combat
 - Level 1.2(1.1) Spellcasting
 * Level 5.0(4.8) Transmutations


You had 6 spell levels left.
You knew the following spells:

 Your Spells              Type           Power        Failure   Level  Hunger
a - Beastly Appendage     Tmut           ##....       4%          1    ##.....
b - Sticks to Snakes      Tmut           ##......     6%          2    ###....
c - Spider Form           Tmut/Pois      #.........   32%         3    ####...


Dungeon Overview and Level Annotations

Branches:
Dungeon (10/15)            Temple (0/1) D:6            Lair (0/6) D:8
    Orc: D:9-12

Altars:
Dithmenos
Elyvilon
Gozag
Okawaru
Ru
Sif Muna
Trog
Uskayaw
Yredelemnul

Shops:
D:10 [(

Annotations:
D:3 exclusion: downstairs


Innate Abilities, Weirdness & Mutations

You are too large for most types of armour.
You have claws for hands.
Your metabolism is lightning-fast.
You like to eat raw meat.
Your natural rate of healing is unusually fast.
You are covered in fur. (AC +1)
You have very tough skin. (AC +2)
You cannot be stealthy.
You cannot study or cast Air magic.
You cannot study or cast Conjurations magic.
You cannot study or cast Necromancy magic.
You are sensitive to extremes of temperature. (rF-, rC-)


Message History

There is an open door here.
You see here a water moccasin corpse.
There is an open door, spattered with blood here.
There is an open door here.
You barely miss the white ugly thing.
The white ugly thing closely misses you.
You barely miss the white ugly thing.
The white ugly thing closely misses you.
You mangle the white ugly thing!!
The white ugly thing is heavily wounded.
The white ugly thing tail-slaps you! The white ugly thing freezes you!!!
You feel a terrible chill!
You scratch the white ugly thing but do no damage.
You claw the white ugly thing!
The white ugly thing is severely wounded.
You claw the white ugly thing! Your claw misses the white ugly thing.
The white ugly thing is almost dead.
The white ugly thing tail-slaps you! The white ugly thing freezes you!!!
You feel a terrible chill!
You die...

##........###.......#
.)).......# #.....†.#
##........# ######'##
#........# ###.#
##'####### ##...#
#.#### ##.u### #....#
#..## ####.##
##'######## #.....#
#..u@...#.# #.....#
###.###.#.#
#.....#####...#.....#
###........##.#########
........##.##.........#
###.....##..'.#######.#
##.########.......#.#
#.## ###..###### #..#
##.######


You could see a white ugly thing.

Vanquished Creatures
  A two-headed ogre (D:9)
  An unseen horror (D:10)
  Pikel (D:4)
  An ugly thing (D:10)
  2 centaur skeletons (D:10)
  A troll (D:8)
  Grinder (D:6)
  Prince Ribbit (D:6)
  A yak (D:8)
  3 hogs (D:8)
  A human (D:8)
  Eustachio (D:5)
  Edmund (D:6)
  2 water moccasins
  3 ice beasts
  2 orc warriors
  A phantom (D:10)
  A slave (D:4)
  A necrophage (D:7)
  2 sky beasts
  2 ogres
  A wolf (D:8)
  2 centaurs
  An elf zombie (D:7)
  Blork the orc (D:6)
  2 bullfrogs
  A scorpion (D:4)
  10 killer bees (D:7)
  A troll skeleton (D:7)
  10 wights
  2 electric eels (D:8)
  3 crimson imps
  A bullfrog zombie (D:10)
  8 hounds
  A human zombie (D:7)
  A quasit (D:5)
  An orc priest (D:6)
  4 bullfrog skeletons
  11 orc wizards
  An iguana (D:8)
  4 worker ants
  2 human skeletons (D:7)
  A killer bee zombie (D:8)
  2 mummies (D:7)
  A howler monkey zombie (D:5)
  A worker ant zombie (D:6)
  3 gnolls
  2 river rats (Sewer)
  12 adders
  A howler monkey skeleton (D:9)
  2 shadow imps
  2 oozes
  An adder skeleton (D:6)
  A worm (D:6)
  8 leopard geckos
  22 orcs
  3 ball pythons
  3 giant cockroaches (D:6)
  6 hobgoblins
  9 jackals
  6 quokkas
  4 bats
  9 frilled lizards
  A giant cockroach zombie (D:6)
  5 goblins
  A jackal skeleton (D:5)
  4 kobolds (D:2)
  A leopard gecko skeleton (D:7)
  A leopard gecko zombie (D:5)
  An orc zombie (D:7)
  A quokka skeleton (D:5)
  8 rats
220 creatures vanquished.

Vanquished Creatures (others)
  An orc (D:8)
1 creature vanquished.

Grand Total: 221 creatures vanquished

Notes
Turn   | Place    | Note
-------+----------+-------------------------------------------
     0 | D:1      | toffzen the Troll Transmuter began the quest for the Orb.
     0 | D:1      | Reached XP level 1. HP: 18/18 MP: 1/1
   570 | D:1      | Reached skill level 1 in Fighting
   824 | D:2      | Reached XP level 2. HP: 27/27 MP: 2/2
   828 | D:2      | Learned a level 2 spell: Sticks to Snakes
   871 | D:2      | Found a sacrificial altar of Ru.
   871 | D:2      | Found a hide-covered altar of Uskayaw.
   893 | D:2      | Became a worshipper of Ru the Awakened
  1011 | D:2      | Reached XP level 3. HP: 33/33 MP: 3/3
  1311 | D:2      | Reached skill level 4 in Unarmed Combat
  1935 | D:3      | Reached XP level 4. HP: 41/42 MP: 4/4
  2045 | D:3      | Found an iron altar of Okawaru.
  2211 | D:4      | Noticed an ogre
  2356 | D:4      | Reached skill level 5 in Unarmed Combat
  2356 | D:4      | Reached XP level 5. HP: 31/50 MP: 5/5
  2500 | D:4      | Gained mutation: You cannot study or cast Air magic. [Ru sacrifice]
  2500 | D:4      | Gained mutation: You cannot study or cast Necromancy magic. [Ru sacrifice]
  2500 | D:4      | Gained mutation: You cannot study or cast Conjurations magic. [Ru sacrifice]
  2500 | D:4      | Reached * piety under Ru
  2767 | D:4      | Killed an ogre
  2841 | D:4      | Noticed a slave
  2842 | D:4      | Noticed Pikel
  2842 | D:4      | Noticed a slave
  2873 | D:4      | Killed a slave
  2961 | D:4      | Noticed a slave
  2962 | D:4      | Noticed a slave
  2972 | D:4      | Killed Pikel
  2972 | D:4      | Reached skill level 7 in Unarmed Combat
  2972 | D:4      | Reached XP level 6. HP: 12/62 MP: 6/6
  2972 | D:4      | Reached XP level 7. HP: 13/68 MP: 7/7
  3176 | D:5      | Entered Level 5 of the Dungeon
  3403 | D:5      | Reached skill level 8 in Unarmed Combat
  3493 | D:5      | Noticed Eustachio
  3502 | D:5      | Killed Eustachio
  3502 | D:5      | Reached XP level 8. HP: 72/79 MP: 8/8
  4257 | D:6      | Found a staircase to the Ecumenical Temple.
  4408 | D:6      | Found a glowing drain.
  4430 | Sewer    | Entered a sewer
  4480 | Sewer    | Reached skill level 9 in Unarmed Combat
  4854 | D:6      | Noticed Edmund
  4861 | D:6      | Reached skill level 5 in Fighting
  4878 | D:6      | Killed Edmund
  5026 | D:6      | Found a shadowy altar of Dithmenos.
  5069 | D:6      | Found a white marble altar of Elyvilon.
  5069 | D:6      | Noticed Prince Ribbit
  5080 | D:6      | Killed Prince Ribbit
  5081 | D:6      | Noticed Grinder
  5175 | D:6      | Killed Grinder
  5175 | D:6      | Reached skill level 10 in Unarmed Combat
  5227 | D:6      | Noticed Blork the orc
  5246 | D:6      | Killed Blork the orc
  5246 | D:6      | Reached XP level 9. HP: 89/89 MP: 9/9
  5390 | D:6      | Found a bloodstained altar of Trog.
  5510 | D:6      | Gained mutation: You cannot be stealthy. [Ru sacrifice]
  6312 | D:7      | Reached skill level 11 in Unarmed Combat
  6443 | D:7      | Found a basalt altar of Yredelemnul.
  6792 | D:8      | Found a staircase to the Lair.
  6793 | D:8      | Noticed a troll
  6823 | D:8      | Killed a troll
  6823 | D:8      | Reached XP level 10. HP: 96/99 MP: 10/10
  7609 | D:8      | Gained mutation: You are sensitive to extremes of temperature. (rF-, rC-) [Ru sacrifice]
  7609 | D:8      | Reached ** piety under Ru
  7609 | D:8      | Reached *** piety under Ru
  7609 | D:8      | Reached **** piety under Ru
  8074 | D:9      | Found an opulent altar of Gozag.
  8188 | D:9      | Found a deep blue altar of Sif Muna.
  8196 | D:9      | Noticed a two-headed ogre
  8207 | D:9      | Killed a two-headed ogre
  8207 | D:9      | Reached skill level 12 in Unarmed Combat
  8253 | D:9      | Learned a level 3 spell: Spider Form
  8507 | D:10     | Entered Level 10 of the Dungeon
  8512 | D:10     | Noticed a green ugly thing
  8521 | D:10     | Killed a green ugly thing
  8823 | D:10     | Noticed an unseen horror
  8833 | D:10     | Killed an unseen horror
  8833 | D:10     | Reached XP level 11. HP: 62/108 MP: 11/11
  8925 | D:10     | Found Yfoiffof's Antique Armour Shoppe.
  8928 | D:10     | Bought a runed scarf for 264 gold pieces
  8950 | D:10     | Found Podoclel's Antique Weapon Shop.
  9038 | D:10     | Reached skill level 5 in Transmutations
  9060 | D:10     | Noticed a white ugly thing
  9083 | D:10     | Mangled by a white ugly thing

Skill      XL: |  1  2  3  4  5  6  7  8  9 10 11 |
---------------+----------------------------------+-----
Fighting       | 1 2 3 4 5 6 7 |  7.5
Unarmed Combat | 4 5 7 8 10 11 12 | 12.2
Dodging        | 2 4 |  4.6
Transmutations | 2 4 5 |  5.0
Spellcasting   | |  1.2

Action                   |  1- 3 |  4- 6 |  7- 9 | 10-12 || total
-------------------------+-------+-------+-------+-------++-------
Melee: Unarmed           |   101 |    45 |   384 |   163 ||   693
       Punch             |       |     2 |     9 |     7 ||    18
Throw: Stone             |       |    10 |     6 |     6 ||    22
 Cast: Sticks to Snakes  |       |       |       |     1 ||     1
Invok: Sacrifice Arcana  |       |     1 |       |       ||     1
       Sacrifice Stealth |       |       |     1 |       ||     1
       Sacrifice Resista |       |       |       |     1 ||     1
  Use: Scroll            |       |     7 |     9 |     5 ||    21
       Potion            |       |     2 |     5 |       ||     7
 Stab: Sleeping          |     2 |       |     1 |       ||     3
  Eat: Chunk             |    20 |     7 |    31 |    22 ||    80
       Ration            |     1 |       |     1 |       ||     2
Armor: Robe              |    31 |    12 |    59 |    32 ||   134
       Skin              |       |       |     6 |       ||     6
Dodge: Dodged            |    47 |    15 |   161 |    50 ||   273
